 Dungeon Crawl Stone Soup version 0.32-a0-815-g315f82d515 (webtiles) character file.

Game seed: 4376524393250803429

4 Finalfun the Firebug (level 1, 0/14 HPs)
             Began as a Mountain Dwarf Fire Elementalist on Mar 23, 2024.
             Slain by a jackal (3 damage)
             ... on level 1 of the Dungeon.
             The game lasted 00:01:22 (223 turns).

Finalfun the Firebug (MDFE)                          Turns: 223, Time: 00:01:22

Health: 0/14       AC:  3    Str: 10    XL:     1   Next: 58%
Magic:  2/3        EV: 10    Int: 15    God:
Gold:   0          SH:  0    Dex: 10    Spells: 2/3 levels left

rFire   + . .        (no weapon)
rCold   + . .        (no shield)
rNeg    . . .        d - +0 leather armour
rPois   +            (no helmet)
rElec   +            (no cloak)
rCorr   +            (no gloves)
SInv    .            (no boots)
Will    .....        (no amulet)
Stlth   +            (no ring)
HPRegen 0.22/turn    (no ring)
MPRegen 0.08/turn

%: no passive effects
@: resistant
A: runic magic, artefact enchanting
a: no special abilities


You were on level 1 of the Dungeon.
You visited 1 branch of the dungeon, and saw 1 of its levels.

Inventory:

Missiles
 f - 3 stones
Armour
 d - a +0 leather armour (worn)
Scrolls
 c - a scroll of identify {unknown}
 e - a scroll of revelation {unknown}
Potions
 a - a potion of resistance
 b - a potion of magic


   Skills:
 - Level 1.3 Dodging
 - Level 1.4 Stealth
 + Level 1.9 Spellcasting
 + Level 1.1 Conjurations
 + Level 3.7 Fire Magic


You had 2 spell levels left.
You knew the following spells:

 Your Spells              Type           Power      Damage    Failure   Level
a - Foxfire               Conj/Fire      32%        2x1d5     9%          1

Your spell library contained the following spells:

 Spells                   Type           Power      Damage    Failure   Level
 Scorch                   Fire           24%        2d6       8%          2
 Inner Flame              Hex/Fire       7%         N/A       32%         3
 Volatile Blastmotes      Fire/Tloc      14%        2d11      32%         3
 Flame Wave               Conj/Fire      8%         2d5       65%         4


Dungeon Overview and Level Annotations

Branches:
Dungeon (1/15)

Altars:


Innate Abilities, Weirdness & Mutations

Your spellcasting is much less encumbered by armour.
You can use scrolls of enchantment on lesser artefacts.


Message History

The hobgoblin closely misses you.
A ball python comes into view.
Casting: Foxfire (safe; 9% risk of failure)
Press: ? - help, Q - select action, (/) - cycle Dir - look around, f - activate
Okay, then.
The bat hits you but does no damage. The jackal attacks as it pursues you!
The jackal bites you. The bat barely misses you.
There is an open door here.
The jackal attacks as it pursues you! The jackal closely misses you. x2
Casting: Foxfire (safe; 9% risk of failure)
Press: ? - help, Q - select action, (/) - cycle Dir - look around, f - activate You conjure some foxfire!
The jackal bites you but does no damage.
Casting: Foxfire (safe; 9% risk of failure)
Press: ? - help, Q - select action, (/) - cycle Dir - look around, f - activate
Okay, then.
Your foxfire dissipates!
The jackal bites you. The jackal bites you.
* * * LOW HITPOINT WARNING * * *
It was a potion of resistance.
You feel protected. The jackal closely misses you.
You hit the jackal.
The jackal is moderately wounded.
The jackal bites you.
* * * LOW HITPOINT WARNING * * *
The jackal barely misses you.
You closely miss the jackal.
The jackal is moderately wounded.
The jackal bites you.
* * * LOW HITPOINT WARNING * * *
You completely miss the jackal.
The jackal is moderately wounded.
The jackal bites you but does no damage.
You closely miss the jackal.
The jackal is moderately wounded.
The jackal bites you.
You die...

#......>........#####...#
#........####...# #...#
#...##...# #...# #[..#
#...##...####...#####...#####
#..........((................
#............................
####################.##########
............##.#....>.........
##..#..##......#@###.........#
#..#..##.#.##.#h###.#.#####..
#..#..##...##.†gS.#......^#
#.##..#########.#.###.....#
#(.........# #.#...#.....#
###############'#...#.....#
#......###.....#
#........####### #.....####


You could see a jackal, a hobgoblin and a ball python.

Vanquished Creatures
  A giant cockroach (D:1)
  A hobgoblin (D:1)
  A frilled lizard (D:1)
  A kobold (D:1)
  A rat (D:1)
5 creatures vanquished.

Vanquished Creatures (others)
  9 foxfires (D:1)
9 creatures vanquished.

Grand Total: 14 creatures vanquished

Notes
Turn   | Place    | Note
-------+----------+-------------------------------------------
     0 | D:1      | Finalfun the Mountain Dwarf Fire Elementalist began the
                  | quest for the Orb.
     0 | D:1      | Reached XP level 1. HP: 14/14 MP: 3/3
    28 | D:1      | Reached skill level 1 in Conjurations
   223 | D:1      | Slain by a jackal

Illustrated notes

Levels and vault maps discovered:
D:1:      dpeg_arrival_boxorama, layout_basic, serial_glass, glass_columns_a,
          glass_columns_c, chequers_serial_rivers_micro_b,
          corexii_item_surrounded_by_moat, hex_large

Skill      XL: |  1 |
---------------+----+-----
Conjurations   | 1 |  1.1
Dodging        | |  1.3
Stealth        | |  1.4
Spellcasting   | |  1.9
Fire Magic     | |  3.7

Action                     || total
---------------------------++-------
  Melee: Unarmed           ||    29
   Cast: Foxfire           ||     6
    Use: Potion            ||     1
   Stab: Sleeping          ||     1
 Armour: Leather armour    ||    20
         Robe              ||     1
  Dodge: Dodged            ||    27

Table legend: (Time is in decaauts)
 A = Elapsed time spent in this place.
 B = Non-inter-level travel time spent in this place.
 C = Inter-level travel time spent in this place.
 D = Time resting spent in this place.
 E = Time spent auto-exploring this place.
 F = Levels seen in this place.
 G = Mean time per level.
                   A        B        C        D        E       F      G
               +--------+--------+--------+--------+--------+-----+--------+
         Total |    223 |    223 |      0 |      0 |    134 |   1 |  223.0 |
       Dungeon |    223 |    223 |      0 |      0 |    134 |   1 |  223.0 |
               +--------+--------+--------+--------+--------+-----+--------+

Top non-repeatable levels by time:
     D:1: 223 daAuts
